 Dungeon Crawl Stone Soup version 0.29.1-1-gd02db6906a (webtiles) character file.

Game seed: 321335845263813434

46 oldmanjim the Insei (level 3, -1/23 HPs)
             Began as an Octopode Transmuter on Oct 21, 2022.
             Slain by an iguana (2 damage)
             ... on level 2 of the Dungeon.
             The game lasted 00:10:32 (1885 turns).

oldmanjim the Insei (Octopode Transmuter)           Turns: 1885, Time: 00:10:33

Health: -1/23      AC:  1    Str:  9    XL:     3   Next: 68%
Magic:  0/6        EV: 13    Int: 17    God:
Gold:   11         SH:  0    Dex: 12    Spells: 2/6 levels left

rFire   . . .      SeeInvis .     - Unarmed
rCold   . . .      Faith    .   (no shield)
rNeg    . . .      Spirit   +   (helmet currently unavailable)
rPois   .          Reflect  .   d - amulet of guardian spirit
rElec   .          Harm     .   (no ring)
rCorr   .          Rampage  .   (no ring)
Will    .....                   (no ring)
Stlth   ++........              (no ring)
HPRegen 0.07/turn               (no ring)
MPRegen 0.10/turn               (no ring)
                                (no ring)
                                (no ring)

@: appendages (expiring)
A: tentacle spike 3, almost no armour, amphibious, 8 rings, camouflage 1,
gelatinous body 1, (nimble swimmer 1), tentacles
a: End Transformation


You were on level 2 of the Dungeon.
One of your tentacles had grown a beastly spike.
You visited 1 branch of the dungeon, and saw 2 of its levels.

You collected 11 gold pieces.

Inventory:

Missiles
 e - 7 stones (quivered)
Jewellery
 d - an amulet of guardian spirit (around mantle)
Scrolls
 c - 2 scrolls of fog {unknown}
 g - a scroll of enchant weapon {unknown}
Potions
 a - 2 potions of lignification
 f - a potion of mutation {unknown}


   Skills:
 - Level 1.2 Fighting
 - Level 2.1 Dodging
 + Level 3.6 Unarmed Combat
 - Level 2.1 Spellcasting
 + Level 2.8 Transmutations
 + Level 1.0 Poison Magic


You had 2 spell levels left.
You knew the following spells:

 Your Spells              Type           Power      Damage    Failure   Level
a - Beastly Appendage     Tmut           22%        N/A       6%          1
b - Spider Form           Tmut/Pois      8%         N/A       26%         3

Your spell library contained the following spells:

 Spells                   Type           Power      Damage    Failure   Level
 Wereblood                Tmut           11%        N/A       9%          2
 Ice Form                 Ice/Tmut       6%         N/A       71%         4


Dungeon Overview and Level Annotations

Branches:
Dungeon (2/15)

Altars:


Innate Abilities, Weirdness & Mutations

One of your tentacles has grown a beastly spike.
You cannot wear most types of armour.
You are amphibious.
You can wear up to eight rings at the same time.
Your skin changes colour to match your surroundings (Stealth+).
Your rubbery body absorbs attacks. (AC +1, EV +1)
((You are camouflaged when in or above water. (Stealth+)))
You have tentacles for arms and can constrict up to eight enemies at once.


Message History

One of your tentacles grows a vicious spike.
Throw: 2 javelins
Press: ? - help, Q - select action, (/) - cycle Shift-Dir - straight line, f - iguana
Aim: an iguana (asleep, 98% to hit)
You throw a javelin. The javelin pierces through the iguana.
The iguana hisses angrily.
The iguana is lightly wounded.
Throw: javelin
Press: ? - help, Q - select action, (/) - cycle Shift-Dir - straight line, f/p - iguana
Aim: an iguana (lightly wounded, 60% to hit)
You throw a javelin.
The javelin pierces through the iguana but does no damage.
The iguana is lightly wounded.
The iguana bites you!
You tentacle-slap the iguana but do no damage.
Your grab misses the iguana.
The iguana is lightly wounded.
The iguana bites you!
You are too injured to fight recklessly!
You are too injured to fight recklessly!
You barely miss the iguana. Your grab misses the iguana.
Your tentacle spike misses the iguana.
The iguana is lightly wounded.
The iguana bites you!
* * * LOW HITPOINT WARNING * * *
You barely miss the iguana. Your grab misses the iguana.
You squeeze the iguana.
The iguana is lightly wounded.
The iguana misses you.
You closely miss the iguana. You grab the iguana.
You pierce the iguana, but do no damage.
Your squeeze misses the iguana.
The iguana is lightly wounded.
You constrict the iguana. The iguana barely misses you.
You tentacle-slap the iguana.
You pierce the iguana.
The iguana is heavily wounded.
Your transformation is almost over.
You constrict the iguana, but do no damage.
The iguana bites you.
You die...

..... ..... #.........
..... #......... .....
#......... ....[
######...(..... #####
#...........(.. ######
#...........(.. .....#
#.............. .....##
#......@l...#
......####...........#
.......[...##........#
...........##...........
#..........#########...#
...........# ...#
...##.......# #.#
...##.......# .#
...##.........


You could see an iguana.

Vanquished Creatures
  An adder (D:2)
  3 dart slugs (D:1)
  3 endoplasms (D:1)
  A goblin (D:1)
  3 hobgoblins (D:1)
  3 jackals (D:1)
  3 kobolds (D:1)
  4 quokkas (D:1)
  2 ball pythons (D:1)
  3 bats
  A frilled lizard (D:1)
  2 rats (D:2)
29 creatures vanquished.

Notes
Turn   | Place    | Note
-------+----------+-------------------------------------------
     0 | D:1      | oldmanjim the Octopode Transmuter began the quest for the
                  | Orb.
     0 | D:1      | Reached XP level 1. HP: 13/13 MP: 3/3
   172 | D:1      | Reached XP level 2. HP: 18/18 MP: 3/5
   818 | D:1      | Reached XP level 3. HP: 11/23 MP: 4/6
  1036 | D:1      | Learned a level 3 spell: Spider Form
  1847 | D:2      | Reached skill level 1 in Poison Magic
  1882 | D:2      | HP: 1/23 [iguana (10)]
  1885 | D:2      | Slain by an iguana

Illustrated notes

Levels and vault maps discovered:
D:1:      dpeg_arrival_fog, layout_basic, roderic_serpentine_path,
          hangedman_abyss_or_decor_stabs, chequers_serial_rivers_micro_c,
          minmay_tripent
D:2:      layout_basic, minmay_split_cup_small, uniq_sigmund

Skill      XL: |  1  2  3 |
---------------+----------+-----
Poison Magic   | 1 |  1.0
Fighting       | |  1.2
Dodging        | |  2.1
Unarmed Combat | |  3.6
Spellcasting   | |  2.1
Transmutations | |  2.8

Action                   || total
-------------------------++-------
Melee: Unarmed           ||    64
       Constrict         ||    17
       Tentacles         ||    14
       Kick              ||    15
       Punch             ||     2
Throw: Javelin           ||     9
       Stone             ||     3
 Cast: Beastly Appendage ||    25
 Stab: Sleeping          ||     5
Armor: Skin              ||     6
Dodge: Dodged            ||    40
